 Dungeon Crawl Stone Soup version 0.29-a0-222-g5b244fca1f (webtiles) character file.

Game seed: 160244687966466883

1123 Hasart the Bolt Thrower (level 7, -1/59 HPs)
             Began as a Demigod Hunter on Feb 27, 2022.
             Slain by a kobold brigand
             ... wielding a +0 club
              (7 damage)
             ... on level 6 of the Dungeon.
             The game lasted 00:06:37 (5252 turns).

Hasart the Bolt Thrower (Demigod Hunter)            Turns: 5252, Time: 00:06:37

Health: -1/59      AC:  3    Str: 19    XL:     7   Next: 88%
Magic:  9/9        EV: 14    Int: 13    God:
Gold:   304        SH:  0    Dex: 22    Spells: 6/6 levels left

rFire   . . .      SeeInvis .   a - +2 hand crossbow
rCold   . . .      Faith    .   (no shield)
rNeg    . . .      Spirit   .   b - +0 leather armour
rPois   .          Reflect  .   (no helmet)
rElec   .          Harm     .   (no cloak)
rCorr   .          Rampage  .   (no gloves)
Will    .....                   (no boots)
Stlth   +++.......              (no amulet)
HPRegen 0.19/turn               c - ring of flight
MPRegen 0.11/turn               i - +6 ring of strength

@: flying
A: high MP 1, forlorn, divine attributes
a: no special abilities


You were on level 6 of the Dungeon.
You visited 1 branch of the dungeon, and saw 6 of its levels.

You collected 304 gold pieces.

Inventory:

Hand Weapons
 a - a +2 hand crossbow (weapon)
Missiles
 q - a throwing net
 r - 4 curare-tipped darts
Armour
 b - a +0 leather armour (worn)
Jewellery
 c - a ring of flight (left hand)
 i - a +6 ring of strength (right hand)
 k - a +6 ring of intelligence
Wands
 h - a wand of iceblast (3)
 p - a wand of charming (6)
Scrolls
 e - 2 scrolls of vulnerability {unknown}
 f - 3 scrolls of teleportation
 j - 2 scrolls of fear {unknown}
Potions
 d - a potion of ambrosia
 g - a potion of attraction {unknown}
 l - a potion of might {unknown}
 m - a potion of haste {unknown}
 n - a potion of lignification {unknown}
 o - a potion of mutation {unknown}


   Skills:
 + Level 4.2 Fighting
 * Level 6.6 Crossbows
 + Level 4.2 Dodging
 + Level 4.1 Stealth


You had 6 spell levels left.
You didn't know any spells.
Your spell library contained the following spells:

 Spells                   Type           Power      Damage    Failure   Level
 Ensorcelled Hibernation  Hex/Ice        0%         N/A       50%         2
 Sublimation of Blood     Necr           0%         N/A       50%         2
 Confusing Touch          Hex            0%         N/A       73%         3
 Spider Form              Tmut/Pois      0%         N/A       73%         3
 Anguish                  Hex/Necr       0%         N/A       98%         4
 Petrify                  Tmut/Erth      0%         N/A       98%         4
 Irradiate                Conj/Tmut      0%         3d14      100%        5
 Summon Forest            Summ/Tloc      0%         N/A       100%        5
 Yara's Violent Unravell  Hex/Tmut       0%         3d3       100%        5
 Eringya's Noxious Bog    Tmut/Pois      0%         N/A       100%        6
 Enfeeble                 Hex            0%         N/A       100%        7
 Summon Hydra             Summ           0%         N/A       100%        7


Dungeon Overview and Level Annotations

Branches:
Dungeon (6/15)
 Temple: D:4-7

Shops:
D:1 :


Innate Abilities, Weirdness & Mutations

You have an increased reservoir of magic. (+10% MP)
You shall have no god before yourself.
Your divine heritage dramatically boosts your attributes as you level up.


Message History

Unknown command.
Shoot: a) +2 hand crossbow
Press: ? - help, Q - select action, (/) - cycle Shift-Dir - straight line, f/p - kobold brigand
Aim: a kobold brigand, wielding a +0 club and quivering poisoned darts (heavily wounded, 65% to hit)
You shoot a bolt.
The bolt completely misses the kobold brigand.
The kobold brigand hits you with a +0 club.
* * * LOW HITPOINT WARNING * * *
The kobold brigand hits you but does no damage.
Unknown command.
Shoot: a) +2 hand crossbow
Press: ? - help, Q - select action, (/) - cycle Shift-Dir - straight line, f/p - kobold brigand
Aim: a kobold brigand, wielding a +0 club and quivering poisoned darts (heavily wounded, 65% to hit)
You shoot a bolt. The bolt hits the kobold brigand!
The kobold brigand is severely wounded.
The kobold brigand barely misses you.
Unknown command.
Shoot: a) +2 hand crossbow
Press: ? - help, Q - select action, (/) - cycle Shift-Dir - straight line, f/p - kobold brigand
Aim: a kobold brigand, wielding a +0 club and quivering poisoned darts (severely wounded, 65% to hit)
You shoot a bolt.
The bolt completely misses the kobold brigand.
The kobold brigand hits you with a +0 club.
* * * LOW HITPOINT WARNING * * *
Unknown command.
Shoot: a) +2 hand crossbow
Press: ? - help, Q - select action, (/) - cycle Shift-Dir - straight line, f/p - kobold brigand
Aim: a kobold brigand, wielding a +0 club and quivering poisoned darts (severely wounded, 65% to hit)
You shoot a bolt. The bolt hits the kobold brigand.
The kobold brigand is almost dead.
The kobold brigand hits you with a +0 club.
* * * LOW HITPOINT WARNING * * *
Unknown command.
Shoot: a) +2 hand crossbow
Press: ? - help, Q - select action, (/) - cycle Shift-Dir - straight line, f/p - kobold brigand
Aim: a kobold brigand, wielding a +0 club and quivering poisoned darts (almost dead, 65% to hit)
You shoot a bolt.
The bolt barely misses the kobold brigand.
The kobold brigand hits you with a +0 club!
You die...

##### #...# #@#
###K### ###.....#
##..##.##).#
###.####+####)#
#........... ..
######.######+###
#.............
####....###.####+


You could see a kobold brigand.

Vanquished Creatures
  A black bear (D:4)
  2 ogres
  A centaur (D:6)
  2 phantoms
  4 scorpions
  A howler monkey (D:6)
  3 hounds
  4 orc priests
  An orc wizard (D:4)
  6 adders
  A worm (D:2)
  4 dart slugs
  7 orcs
  2 bats
  5 endoplasms
  5 giant cockroaches
  12 hobgoblins
  3 jackals (D:1)
  10 kobolds
  3 quokkas
  5 ball pythons
  5 frilled lizards (D:2)
  3 goblins
  9 rats
99 creatures vanquished.

Notes
Turn   | Place    | Note
-------+----------+-------------------------------------------
     0 | D:1      | Hasart the Demigod Hunter began the quest for the Orb.
     0 | D:1      | Reached XP level 1. HP: 17/17 MP: 3/3
    28 | D:1      | Reached skill level 1 in Stealth
   242 | D:1      | Reached XP level 2. HP: 24/24 MP: 4/4
   351 | D:1      | Found Wayc's Book Shop.
   691 | D:2      | Reached skill level 4 in Crossbows
   960 | D:2      | Reached XP level 3. HP: 29/29 MP: 5/5
  1382 | D:2      | Identified the +2 leather armour of Kysophu {Drain rElec
                  | Str+5 Stlth+}
  2666 | D:4      | Reached XP level 4. HP: 37/37 MP: 6/6
  2880 | D:4      | Reached XP level 5. HP: 44/44 MP: 7/7
  3033 | D:4      | Reached skill level 5 in Crossbows
  3120 | D:4      | Reached XP level 6. HP: 45/51 MP: 8/8
  3485 | D:4      | Reached XP level 7. HP: 58/58 MP: 9/9
  3829 | D:5      | Entered Level 5 of the Dungeon
  3891 | D:5      | Reached skill level 6 in Crossbows
  5252 | D:6      | Slain by a kobold brigand

Illustrated notes

Levels and vault maps discovered:
D:1:      psy_arrival_heroes, layout_rooms, chequers_ecumenical_altar_twisty,
          serial_shops, nicolae_shop_advertising_works
          [nicolae_subvault_shop_adworks]
D:2:      kb_forest_paths, layout_basic, basic_altar
D:3:      cheibrodos_helix_gallery, layout_basic, nicolae_overflow_crystal_walls
D:4:      minmay_diamond_boxcup, layout_basic,
          nicolae_ru_great_annihilating_truth, trog_book, serial_rivers,
          chequers_serial_rivers_large_a, chequers_serial_rivers_small_b,
          chequers_serial_rivers_micro_c, chequers_serial_rivers_small_a,
          chequers_serial_rivers_micro_c, chequers_serial_rivers_micro_a
D:5:      layout_cave_pods, mainiacjoe_overflow_surrounded_room
D:6:      cheibrodos_iron_armory, layout_basic, zin_statuary,
          nicolae_ashenzari_skybound, minmay_temple_entry_steel_oval,
          ebering_ghost_rock_garden, interstate_on_off, minmay_divided_ellipse,
          uniq_pikel

Skill      XL: |  1  2  3  4  5  6  7 |
---------------+----------------------+-----
Stealth        | 1 2 3 4 |  4.1
Fighting       | 2 3 4 |  4.2
Dodging        | 2 3 4 |  4.2
Crossbows      | 4 5 6 |  6.6

Action                   |  1- 3 |  4- 6 |  7- 9 || total
-------------------------+-------+-------+-------++-------
 Fire: Hand crossbow     |   123 |    95 |   110 ||   328
Throw: Dart              |       |       |     2 ||     2
  Use: Scroll            |     4 |       |       ||     4
       Potion            |       |       |     1 ||     1
Armor: Leather armour    |    12 |     3 |    16 ||    31
Dodge: Dodged            |    30 |    12 |    64 ||   106

Table legend: (Time is in decaauts)
 A = Elapsed time spent in this place.
 B = Non-inter-level travel time spent in this place.
 C = Inter-level travel time spent in this place.
 D = Time resting spent in this place.
 E = Time spent auto-exploring this place.
 F = Levels seen in this place.
 G = Mean time per level.
                   A        B        C        D        E       F      G
               +--------+--------+--------+--------+--------+-----+--------+
         Total |   5342 |   5113 |    229 |    731 |   3645 |   6 |  890.3 |
       Dungeon |   5342 |   5113 |    229 |    731 |   3645 |   6 |  890.3 |
               +--------+--------+--------+--------+--------+-----+--------+

Top non-repeatable levels by time:
     D:5: 1321 daAuts
     D:4: 1198 daAuts
     D:2: 1054 daAuts
     D:3: 941 daAuts
     D:1: 701 daAuts
     D:6: 124 daAuts
